Devils vs Lightning

Created - November 22, 2020 at 22:38

Goals
1 2 3 T
Devils 3 2 2 7
Lightning 1 1 1 3
Shots
1 2 3 T
Devils 9 17 4 30
Lightning 5 11 12 28

1st period

1. Devils , Tyler Ennis 10 (Thomas Hickey 1, Matt Donovan 3) at 11:40
2. Devils , Tyler Ennis 11 (Nazem Kadri 16) at 11:44
3. Devils , Nazem Kadri 5 (Tyler Ennis 9, Marian Gaborik 15) at 14:43
4. Lightning , Brian Flynn 1 (Clarke MacArthur 2) at 19:50

Penalties :
Marian Gaborik (NJD) for Interference (Minor) at 15:12

2nd period

5. Devils , Anton Stralman 1 (Marian Gaborik 16, Nazem Kadri 17) at 10:15 (PP)
6. Lightning , Jesper Fast 4 (Jon Merrill 6) at 14:31
7. Devils , Marian Gaborik 6 (Tyler Ennis 10) at 16:15

Penalties :
Anton Stralman (NJD) for Slashing (Minor) at 2:42, Tyler Johnson (TB.) for Roughing (Minor) at 10:03

3rd period

8. Devils , Tyler Ennis 12 (Michael Del Zotto 3, Marian Gaborik 17) at 5:16
9. Lightning , Jean-Gabriel Pageau 5 (Stephen Weiss 6, Jesper Fast 4) at 10:28
10. Devils , Martin Samuelsson 2 (Brad Richards 5, Anton Stralman 6) at 15:37

Penalties :
Anton Stralman (NJD) for Cross-checking (Minor) at 0:30, Ladislav Smid (TB.) for Hooking (Minor) at 3:07, Clarke MacArthur (TB.) for Interference (Minor) at 12:33, Jonathan Huberdeau (TB.) for Hooking (Minor) at 15:40

Goalie Stats

Maxime Daigneault (NJD), 25 saves from 28 shots - (0.893), W, 7-6-1, 60:00 minutes
Philipp Grubauer (TB.), 13 saves from 17 shots - (0.765), L, 6-5-1, 30:15 minutes
Jhonas Enroth (TB.), 10 saves from 13 shots - (0.769), 29:45 minutes

Players Stats for Devils

Player Name              G  A  P  +/- PIM S  H  SB GA TA FO     MP     PP MP  PK MP  
------------------------------------------------------------------------------------
Anton Stralman           1  1  2   0  4   5  1  1  1  0  0/0    25:06   3:20   1:25 
Brad Richards            0  1  1   1  0   1  0  0  0  1  6/7    12:58   0:00   0:59 
Brad Richardson          0  0  0  -1  0   0  1  0  0  0  0/0     5:31   0:00   0:00 
Chris Stewart            0  0  0  -1  0   0  1  0  0  0  0/0    16:07   2:25   0:00 
Jamie Arniel             0  0  0  -1  0   0  1  0  0  0  8/19   16:07   2:25   0:00 
Josh Gorges              0  0  0   3  0   0  0  0  1  0  0/0    18:56   2:49   2:02 
Kristopher Letang        0  0  0   0  0   0  1  0  1  1  0/0    30:26   3:20   3:55 
Marian Gaborik           1  3  4   3  2   4  1  1  0  0  3/6    27:21   3:44   2:34 
Martin Samuelsson        1  0  1   1  0   2  2  0  0  0  2/3    13:04   0:00   1:07 
Matt Donovan             0  1  1   0  0   0  1  1  0  1  0/0    12:52   0:00   2:30 
Michael Del Zotto        0  1  1   3  0   1  2  1  2  0  0/0    18:56   2:49   2:02 
Mike Weber               0  0  0   0  0   0  0  1  0  0  0/0     3:17   0:00   0:00 
Nazem Kadri              1  2  3   4  0   2  2  0  1  1  22/30  22:38   3:44   1:37 
Nick Bonino              0  0  0  -1  0   1  0  0  0  0  1/2     5:16   0:00   0:00 
Patrick Kaleta           0  0  0   1  0   1  0  0  0  0  0/0    11:40   0:00   0:00 
Thomas Hickey            0  1  1   0  0   1  1  0  0  1  0/0    10:38   0:00   0:00 
Tyler Ennis              3  2  5   4  0   10 3  0  0  0  0/3    25:05   3:44   3:43 
Zach Parise              0  0  0  -1  0   2  2  0  1  1  0/0    18:02   2:25   1:54 

Players Stats for Lightning

Player Name              G  A  P  +/- PIM S  H  SB GA TA FO     MP     PP MP  PK MP  
------------------------------------------------------------------------------------
Ben Lovejoy              0  0  0   0  0   2  0  0  0  0  0/0    19:37   2:25   2:30 
Brian Flynn              1  0  1   0  0   2  0  1  1  0  1/3     7:24   0:00   0:00 
Clarke MacArthur         0  1  1   0  2   0  2  0  1  0  0/1     7:36   0:00   0:13 
Henrik Zetterberg        0  0  0  -2  0   2  3  1  1  0  0/0    17:34   3:22   1:23 
Jean-Gabriel Pageau      1  0  1  -2  0   3  2  1  0  0  7/18   17:20   2:35   1:34 
Jesper Fast              1  1  2   1  0   2  2  0  1  1  0/2    14:15   0:00   0:49 
Jon Merrill              0  1  1  -2  0   1  0  4  0  0  0/0    26:02   3:32   3:39 
Jonathan Huberdeau       0  0  0  -1  2   1  3  0  0  0  2/4    17:19   2:35   0:35 
Jordin Tootoo            0  0  0   0  0   0  0  0  0  0  0/0     7:24   0:00   0:00 
Justin Schultz           0  0  0   0  0   1  2  0  0  0  0/0    20:26   2:25   3:19 
Kevin Marshall           0  0  0  -1  0   0  1  1  0  1  0/0    14:52   0:00   0:31 
Ladislav Smid            0  0  0  -2  2   0  2  2  1  0  0/0    17:03   0:00   2:19 
Linus Omark              0  0  0   1  0   0  0  1  1  0  1/1    13:26   0:00   0:00 
Mark Scheifele           0  0  0  -2  0   1  1  2  0  1  13/34  21:24   3:22   3:58 
Niclas Bergfors          0  0  0  -2  0   0  3  0  0  1  0/0    15:30   2:35   0:00 
Rasmus Ristolainen       0  0  0  -2  0   3  0  1  0  0  0/0    21:58   3:32   0:00 
Stephen Weiss            0  1  1   1  0   6  1  1  0  0  4/7    13:26   0:00   0:00 
Tyler Johnson            0  0  0  -2  2   4  1  2  0  3  0/0    21:11   3:22   3:46 

3 Stars

1 - Tyler Ennis (NJD)
2 - Nazem Kadri (NJD)
3 - Marian Gaborik (NJD)

Power Play

Devils - 1 on 4 Attempt(s) - 25.00%
Lightning - 0 on 3 Attempt(s) - 0.00%

Penalty Kill

Devils - 3 on 3 Attempt(s) - 100.00% - Score 0 goal in Penalty Kill
Lightning - 3 on 4 Attempt(s) - 75.00% - Score 0 goal in Penalty Kill

Team Stat

Devils - Hits : 19 - Faceoff Wins : 42 - Blocked Shots : 5 - Penalty Minutes : 6
Lightning - Hits : 23 - Faceoff Wins : 28 - Blocked Shots : 17 - Penalty Minutes : 8

Official

Referees : Unknown
Linesman : Unknown

Game Notes

Jhonas Enroth enters game at 10:15 of 2nd period
Tyler Ennis has scored a Hat Trick!

Finance

Level 1 -- Attendance: 4360 (72.67%) -- Ticket Income $501,400
Level 2 -- Attendance: 4506 (90.12%) -- Ticket Income $288,384
Level 3 -- Attendance: 1460 (73.00%) -- Ticket Income $64,240
Level 4 -- Attendance: 2643 (66.08%) -- Ticket Income $105,720
Luxury Box -- Attendance: 664 (66.40%) -- Ticket Income $142,760
Game was played at the Tampa Bay Stadium.
Total Attendance: 13633 (75.74%)
Total Ticket Income: $1,102,504
Other Income: $165,376
Total Income: $1,267,880

Devils

5 vs 5 Forward 
   Center                   Left Wing                Right Wing               Time % Phy DF OF 
 1 Nazem Kadri              Tyler Ennis              Marian Gaborik           40     1   2  2  
 2 Jamie Arniel             Zach Parise              Chris Stewart            30     1   2  2  
 3 Brad Richards            Martin Samuelsson        Patrick Kaleta           20     1   2  2  
 4 Nick Bonino              Marian Gaborik           Brad Richardson          10     1   2  2  

5 vs 5 Defense 
   Defense                  Defense                                           Time % Phy DF OF 
 1 Kristopher Letang        Anton Stralman                                    40     1   2  2  
 2 Michael Del Zotto        Josh Gorges                                       30     1   2  2  
 3 Thomas Hickey            Matt Donovan                                      20     1   2  2  
 4 Mike Weber               Kristopher Letang                                 10     1   2  2  

PowerPlay Forward 
   Center                   Left Wing                Right Wing               Time % Phy DF OF 
 1 Nazem Kadri              Tyler Ennis              Marian Gaborik           60     1   2  2  
 2 Jamie Arniel             Zach Parise              Chris Stewart            40     1   2  2  

PowerPlay Defense
   Defense                  Defense                                           Time % Phy DF OF 
 1 Kristopher Letang        Anton Stralman                                    60     1   2  2  
 2 Michael Del Zotto        Josh Gorges                                       40     1   2  2  

Penalty Kill 4 Players Forward 
   Center                   Wing                     Time % Phy DF OF 
 1 Marian Gaborik           Tyler Ennis              60     1   2  2  
 2 Nazem Kadri              Zach Parise              40     1   2  2  

Penalty Kill 4 Players Defense
   Defense                  Defense                  Time % Phy DF OF 
 1 Kristopher Letang        Anton Stralman           60     1   2  2  
 2 Michael Del Zotto        Josh Gorges              40     1   2  2  

Penalty Kill - 3 Players Forward 
   Forward                                           Time % Phy DF OF 
 1 Marian Gaborik                                    60     1   2  2  
 2 Tyler Ennis                                       40     1   2  2  

Penalty Kill - 3 Players Defense
   Defense                  Defense                  Time % Phy DF OF 
 1 Kristopher Letang        Anton Stralman           60     1   2  2  
 2 Michael Del Zotto        Josh Gorges              40     1   2  2  

4 vs 4 Forward 
   Center                   Wing                     Time % Phy DF OF 
 1 Marian Gaborik           Tyler Ennis              60     1   2  2  
 2 Nazem Kadri              Zach Parise              40     1   2  2  

4 vs 4 Defense
   Defense                  Defense                  Time % Phy DF OF 
 1 Kristopher Letang        Anton Stralman           60     1   2  2  
 2 Michael Del Zotto        Josh Gorges              40     1   2  2  

Last Minutes Offensive
   Center                   Left Wing                Right Wing               Defense                  Defense                  
   Nazem Kadri              Tyler Ennis              Marian Gaborik           Kristopher Letang        Anton Stralman           

Last Minutes Defensive
   Center                   Left Wing                Right Wing               Defense                  Defense                  
   Nazem Kadri              Tyler Ennis              Marian Gaborik           Kristopher Letang        Anton Stralman           

Goaltenders
Starting : Maxime Daigneault        
Backup : Thomas McCollum          

Extra Forwards
Normal : Brad Richards, Patrick Kaleta, Martin Samuelsson - PP : Brad Richards, Patrick Kaleta - PK : Martin Samuelsson
Extra Defensemen
Normal : Thomas Hickey, Matt Donovan, Mike Weber - PP : Thomas Hickey - PK : Matt Donovan, Mike Weber
Penalty Shots
Marian Gaborik, Tyler Ennis, Nazem Kadri, Zach Parise, Jamie Arniel

Scratches
Eric Tangradi (Healthy)

Lightning

5 vs 5 Forward 
   Center                   Left Wing                Right Wing               Time % Phy DF OF 
 1 Mark Scheifele           Jonathan Huberdeau       Tyler Johnson            35     1   2  2  
 2 Jean-Gabriel Pageau      Henrik Zetterberg        Niclas Bergfors          30     1   2  2  
 3 Stephen Weiss            Linus Omark              Jesper Fast              30     1   2  2  
 4 Brian Flynn              Clarke MacArthur         Jordin Tootoo            5      1   2  2  

5 vs 5 Defense 
   Defense                  Defense                                           Time % Phy DF OF 
 1 Jon Merrill              Rasmus Ristolainen                                35     1   2  2  
 2 Ben Lovejoy              Justin Schultz                                    30     1   2  2  
 3 Ladislav Smid            Kevin Marshall                                    30     1   2  2  
 4 Jon Merrill              Rasmus Ristolainen                                5      1   2  2  

PowerPlay Forward 
   Center                   Left Wing                Right Wing               Time % Phy DF OF 
 1 Mark Scheifele           Henrik Zetterberg        Tyler Johnson            60     1   1  3  
 2 Jean-Gabriel Pageau      Jonathan Huberdeau       Niclas Bergfors          40     1   1  3  

PowerPlay Defense
   Defense                  Defense                                           Time % Phy DF OF 
 1 Jon Merrill              Rasmus Ristolainen                                60     1   1  3  
 2 Justin Schultz           Ben Lovejoy                                       40     1   1  3  

Penalty Kill 4 Players Forward 
   Center                   Wing                     Time % Phy DF OF 
 1 Mark Scheifele           Tyler Johnson            60     1   3  1  
 2 Jean-Gabriel Pageau      Henrik Zetterberg        40     1   3  1  

Penalty Kill 4 Players Defense
   Defense                  Defense                  Time % Phy DF OF 
 1 Ladislav Smid            Jon Merrill              60     1   3  1  
 2 Ben Lovejoy              Justin Schultz           40     1   3  1  

Penalty Kill - 3 Players Forward 
   Forward                                           Time % Phy DF OF 
 1 Tyler Johnson                                     60     1   3  1  
 2 Jean-Gabriel Pageau                               40     1   3  1  

Penalty Kill - 3 Players Defense
   Defense                  Defense                  Time % Phy DF OF 
 1 Ladislav Smid            Jon Merrill              60     1   3  1  
 2 Ben Lovejoy              Justin Schultz           40     1   3  1  

4 vs 4 Forward 
   Center                   Wing                     Time % Phy DF OF 
 1 Mark Scheifele           Tyler Johnson            60     1   2  2  
 2 Jean-Gabriel Pageau      Henrik Zetterberg        40     1   2  2  

4 vs 4 Defense
   Defense                  Defense                  Time % Phy DF OF 
 1 Jon Merrill              Rasmus Ristolainen       60     1   2  2  
 2 Jon Merrill              Justin Schultz           40     1   2  2  

Last Minutes Offensive
   Center                   Left Wing                Right Wing               Defense                  Defense                  
   Mark Scheifele           Henrik Zetterberg        Tyler Johnson            Rasmus Ristolainen       Justin Schultz           

Last Minutes Defensive
   Center                   Left Wing                Right Wing               Defense                  Defense                  
   Jean-Gabriel Pageau      Henrik Zetterberg        Tyler Johnson            Ben Lovejoy              Jon Merrill              

Goaltenders
Starting : Philipp Grubauer         
Backup : Jhonas Enroth            

Extra Forwards
Normal : Clarke MacArthur, Linus Omark, Henrik Zetterberg - PP : Jesper Fast, Jordin Tootoo - PK : Jesper Fast
Extra Defensemen
Normal : Jon Merrill, Rasmus Ristolainen, Justin Schultz - PP : Ladislav Smid - PK : Justin Schultz, Kevin Marshall
Penalty Shots
Mark Scheifele, Tyler Johnson, Niclas Bergfors, Henrik Zetterberg, Justin Schultz

Scratches
None


% Time on Ice - Devils

Lines # - Real PCT - Wanted PCT - Time Play
Normal Forward
1 - 36% - 40% - 17:29
2 - 29% - 30% - 13:42
3 - 24% - 20% - 11:35
4 - 11% - 10% - 5:08
Normal Defense
1 - 42% - 40% - 20:11
2 - 29% - 30% - 14:05
3 - 22% - 20% - 10:21
4 - 7% - 10% - 3:17
PP Forward
1 - 61% - 60% - 3:44
2 - 39% - 40% - 2:25
PP Defense
1 - 54% - 60% - 3:20
2 - 46% - 40% - 2:49
PK Forward
1 - 76% - 60% - 4:33
2 - 24% - 40% - 1:24
PK Defense
1 - 66% - 60% - 3:55
2 - 34% - 40% - 2:02
PK3 Forward
1 - 0% - 60%
2 - 0% - 40%
PK3 Defense
1 - 0% - 60%
2 - 0% - 40%
44 Forward
1 - 0% - 60%
2 - 0% - 40%
44 Defense
1 - 0% - 60%
2 - 0% - 40%
Last Minute Offensive  - 0:00
Last Minute Defensive  - 0:00
Total
Forward - 60:00
Defense - 60:00

% Time on Ice - Lightning

Lines # - Real PCT - Wanted PCT - Time Play
Normal Forward
1 - 29% - 35% - 14:04
2 - 27% - 30% - 13:00
3 - 28% - 30% - 13:26
4 - 15% - 5% - 7:24
Normal Defense
1 - 37% - 35% - 17:45
2 - 31% - 30% - 14:42
3 - 30% - 30% - 14:33
4 - 2% - 5% - 0:54
PP Forward
1 - 57% - 60% - 3:22
2 - 43% - 40% - 2:35
PP Defense
1 - 59% - 60% - 3:32
2 - 41% - 40% - 2:25
PK Forward
1 - 78% - 60% - 4:46
2 - 22% - 40% - 1:23
PK Defense
1 - 59% - 60% - 3:39
2 - 41% - 40% - 2:30
PK3 Forward
1 - 0% - 60%
2 - 0% - 40%
PK3 Defense
1 - 0% - 60%
2 - 0% - 40%
44 Forward
1 - 0% - 60%
2 - 0% - 40%
44 Defense
1 - 0% - 60%
2 - 0% - 40%
Last Minute Offensive  - 0:00
Last Minute Defensive  - 0:00
Total
Forward - 60:00
Defense - 60:00

Play-by-Play

1st period


0:01 of 1st period - Nazem Kadri wins face-off versus Mark Scheifele in neutral zone.
0:08 of 1st period - Wrist shot by Tyler Ennis.
0:08 of 1st period - Stopped by Philipp Grubauer without a rebound.
0:09 of 1st period - Nazem Kadri wins face-off versus Mark Scheifele in Lightning zone.
0:51 of 1st period - Wrist shot by Tyler Johnson.
0:51 of 1st period - Deflect By Jonathan Huberdeau.
0:51 of 1st period - Stopped by Maxime Daigneault with a rebound.
1:07 of 1st period - Jon Merrill is hit by Anton Stralman and loses puck.
2:02 of 1st period - Slapshot by Marian Gaborik.
2:02 of 1st period - Shot Misses the Net.
2:04 of 1st period - Wrist shot by Marian Gaborik.
2:04 of 1st period - Shot Blocked by Jon Merrill.
2:06 of 1st period - Snap shot by Tyler Ennis.
2:06 of 1st period - Shot Blocked by Mark Scheifele.
2:08 of 1st period - Wrist shot by Marian Gaborik.
2:08 of 1st period - Stopped by Philipp Grubauer without a rebound.
2:09 of 1st period - Jean-Gabriel Pageau wins face-off versus Jamie Arniel in Lightning zone.
2:14 of 1st period - Jamie Arniel is hit by Justin Schultz and loses puck.
2:42 of 1st period - Slapshot by Patrick Kaleta.
2:42 of 1st period - Shot Misses the Net.
2:44 of 1st period - Wrist shot by Brad Richards.
2:44 of 1st period - Shot Misses the Net.
3:45 of 1st period - Zach Parise is hit by Niclas Bergfors and loses puck.
4:32 of 1st period - Matt Donovan is hit by Ladislav Smid and loses puck.
6:04 of 1st period - Josh Gorges is hit by Jonathan Huberdeau and loses puck.
6:58 of 1st period - Jamie Arniel is hit by Niclas Bergfors.
7:02 of 1st period - Jean-Gabriel Pageau is hit by Jamie Arniel and loses puck.
7:23 of 1st period - Zach Parise is hit by Kevin Marshall and loses puck.
7:37 of 1st period - Icing by Tyler Johnson.
7:38 of 1st period - Jonathan Huberdeau wins face-off versus Brad Richards in Lightning zone.
7:38 of 1st period - Jonathan Huberdeau is hit by Martin Samuelsson.
7:44 of 1st period - Patrick Kaleta is hit by Jonathan Huberdeau and loses puck.
8:05 of 1st period - Ben Lovejoy is hit by Tyler Ennis and loses puck.
8:14 of 1st period - Wrist shot by Tyler Ennis.
8:14 of 1st period - Shot Blocked by Linus Omark.
8:51 of 1st period - Nick Bonino is hit by Stephen Weiss.
9:19 of 1st period - Wrist shot by Jonathan Huberdeau.
9:19 of 1st period - Shot Misses the Net.
10:30 of 1st period - Linus Omark is hit by Martin Samuelsson and loses puck.
11:19 of 1st period - Snap shot by Tyler Ennis.
11:19 of 1st period - Shot Misses the Net.
11:32 of 1st period - Icing by Brian Flynn.
11:33 of 1st period - Nick Bonino wins face-off versus Brian Flynn in Lightning zone.
11:34 of 1st period - Slapshot by Marian Gaborik.
11:34 of 1st period - Shot Misses the Net.
11:36 of 1st period - Slapshot by Matt Donovan.
11:36 of 1st period - Shot Blocked by Brian Flynn.
11:38 of 1st period - Snap shot by Thomas Hickey.
11:38 of 1st period - Stopped by Philipp Grubauer with a rebound.
11:40 of 1st period - Wrist shot by Tyler Ennis.
11:40 of 1st period - Goal by Tyler Ennis - Devils : 1 - Lightning : 0.
11:41 of 1st period - Nazem Kadri wins face-off versus Jean-Gabriel Pageau in neutral zone.
11:44 of 1st period - Snap shot by Tyler Ennis.
11:44 of 1st period - Goal by Tyler Ennis - Devils : 2 - Lightning : 0.
11:45 of 1st period - Jean-Gabriel Pageau wins face-off versus Tyler Ennis in neutral zone.
12:16 of 1st period - Slapshot by Rasmus Ristolainen.
12:16 of 1st period - Deflect By Stephen Weiss.
12:16 of 1st period - Stopped by Maxime Daigneault with a rebound.
12:18 of 1st period - Snap shot by Jesper Fast.
12:18 of 1st period - Deflect By Stephen Weiss.
12:18 of 1st period - Stopped by Maxime Daigneault without a rebound.
12:19 of 1st period - Stephen Weiss wins face-off versus Jamie Arniel in Devils zone.
12:50 of 1st period - Wrist shot by Tyler Ennis.
12:50 of 1st period - Stopped by Philipp Grubauer without a rebound.
12:51 of 1st period - Nazem Kadri wins face-off versus Mark Scheifele in Lightning zone.
12:54 of 1st period - Wrist shot by Tyler Ennis.
12:54 of 1st period - Shot Blocked by Tyler Johnson.
13:02 of 1st period - Snap shot by Tyler Ennis.
13:02 of 1st period - Stopped by Philipp Grubauer without a rebound.
13:03 of 1st period - Nazem Kadri wins face-off versus Jean-Gabriel Pageau in Lightning zone.
13:18 of 1st period - Snap shot by Tyler Ennis.
13:18 of 1st period - Shot Blocked by Henrik Zetterberg.
13:42 of 1st period - Slapshot by Jamie Arniel.
13:42 of 1st period - Shot Misses the Net.
13:59 of 1st period - Icing by Tyler Johnson.
14:00 of 1st period - Nazem Kadri wins face-off versus Mark Scheifele in Lightning zone.
14:07 of 1st period - Slapshot by Marian Gaborik.
14:07 of 1st period - Stopped by Philipp Grubauer without a rebound.
14:08 of 1st period - Nazem Kadri wins face-off versus Jean-Gabriel Pageau in Lightning zone.
14:43 of 1st period - Snap shot by Tyler Ennis.
14:43 of 1st period - Deflect By Nazem Kadri.
14:43 of 1st period - Goal by Nazem Kadri - Devils : 3 - Lightning : 0.
14:44 of 1st period - Mark Scheifele wins face-off versus Jamie Arniel in neutral zone.
15:12 of 1st period - Minor Penalty to Marian Gaborik for Interference.
15:13 of 1st period - Martin Samuelsson wins face-off versus Mark Scheifele in Devils zone.
15:22 of 1st period - Tyler Ennis is hit by Tyler Johnson and loses puck.
16:03 of 1st period - Wrist shot by Henrik Zetterberg.
16:03 of 1st period - Deflect By Tyler Johnson.
16:03 of 1st period - Shot Misses the Net.
16:03 of 1st period - Puck is out of play.
16:04 of 1st period - Martin Samuelsson wins face-off versus Mark Scheifele in Devils zone.
16:15 of 1st period - Snap shot by Tyler Johnson.
16:15 of 1st period - Stopped by Maxime Daigneault with a rebound.
17:12 of 1st period - Penalty to Marian Gaborik is over, Marian Gaborik is back on ice.
18:26 of 1st period - Jesper Fast is hit by Michael Del Zotto and loses puck.
19:50 of 1st period - Snap shot by Brian Flynn.
19:50 of 1st period - Goal by Brian Flynn - Devils : 3 - Lightning : 1.
19:51 of 1st period - Brad Richards wins face-off versus Mark Scheifele in neutral zone.
Goals for this period are 3 for Devils vs 1 for Lightning .
Shots for this period are 9 for Devils vs 5 for Lightning .

2nd period


0:01 of 2nd period - Nazem Kadri wins face-off versus Mark Scheifele in neutral zone.
0:06 of 2nd period - Snap shot by Tyler Ennis.
0:06 of 2nd period - Stopped by Philipp Grubauer with a rebound.
0:08 of 2nd period - Slapshot by Anton Stralman.
0:08 of 2nd period - Stopped by Philipp Grubauer without a rebound.
0:09 of 2nd period - Mark Scheifele wins face-off versus Nazem Kadri in Lightning zone.
0:14 of 2nd period - Slapshot by Rasmus Ristolainen.
0:14 of 2nd period - Shot Misses the Net.
0:26 of 2nd period - Snap shot by Nazem Kadri.
0:26 of 2nd period - Stopped by Philipp Grubauer without a rebound.
0:27 of 2nd period - Stephen Weiss wins face-off versus Jamie Arniel in Lightning zone.
0:27 of 2nd period - Stephen Weiss is hit by Kristopher Letang.
1:00 of 2nd period - Marian Gaborik is hit by Henrik Zetterberg and loses puck.
1:05 of 2nd period - Snap shot by Jean-Gabriel Pageau.
1:05 of 2nd period - Deflect By Henrik Zetterberg.
1:05 of 2nd period - Stopped by Maxime Daigneault with a rebound.
1:17 of 2nd period - Snap shot by Mark Scheifele.
1:17 of 2nd period - Stopped by Maxime Daigneault without a rebound.
1:18 of 2nd period - Brad Richards wins face-off versus Mark Scheifele in Devils zone.
1:23 of 2nd period - Slapshot by Michael Del Zotto.
1:23 of 2nd period - Shot Misses the Net.
1:43 of 2nd period - Slapshot by Justin Schultz.
1:43 of 2nd period - Stopped by Maxime Daigneault without a rebound.
1:44 of 2nd period - Nazem Kadri wins face-off versus Jesper Fast in Devils zone.
2:03 of 2nd period - Wrist shot by Marian Gaborik.
2:03 of 2nd period - Shot Blocked by Stephen Weiss.
2:05 of 2nd period - Slapshot by Matt Donovan.
2:05 of 2nd period - Shot Misses the Net.
2:07 of 2nd period - Slapshot by Matt Donovan.
2:07 of 2nd period - Shot Blocked by Ladislav Smid.
2:09 of 2nd period - Slapshot by Marian Gaborik.
2:09 of 2nd period - Shot Blocked by Ladislav Smid.
2:11 of 2nd period - Snap shot by Marian Gaborik.
2:11 of 2nd period - Stopped by Philipp Grubauer with a rebound.
2:13 of 2nd period - Backhand shot by Anton Stralman.
2:13 of 2nd period - Stopped by Philipp Grubauer without a rebound.
2:14 of 2nd period - Jean-Gabriel Pageau wins face-off versus Jamie Arniel in Lightning zone.
2:19 of 2nd period - Snap shot by Chris Stewart.
2:19 of 2nd period - Shot Misses the Net.
2:21 of 2nd period - Slapshot by Anton Stralman.
2:21 of 2nd period - Stopped by Philipp Grubauer without a rebound.
2:22 of 2nd period - Jean-Gabriel Pageau wins face-off versus Jamie Arniel in Lightning zone.
2:22 of 2nd period - Jean-Gabriel Pageau is hit by Zach Parise.
2:42 of 2nd period - Minor Penalty to Anton Stralman for Slashing.
2:43 of 2nd period - Mark Scheifele wins face-off versus Marian Gaborik in Devils zone.
3:45 of 2nd period - Nazem Kadri is hit by Jean-Gabriel Pageau and loses puck.
3:54 of 2nd period - Snap shot by Jonathan Huberdeau.
3:54 of 2nd period - Shot Misses the Net.
3:56 of 2nd period - Wrist shot by Niclas Bergfors.
3:56 of 2nd period - Shot Hit the Post.
3:58 of 2nd period - Slapshot by Ben Lovejoy.
3:58 of 2nd period - Stopped by Maxime Daigneault without a rebound.
3:59 of 2nd period - Marian Gaborik wins face-off versus Mark Scheifele in Devils zone.
4:16 of 2nd period - Wrist shot by Henrik Zetterberg.
4:16 of 2nd period - Shot Misses the Net.
4:42 of 2nd period - Penalty to Anton Stralman is over, Anton Stralman is back on ice.
4:48 of 2nd period - Michael Del Zotto is hit by Jesper Fast and loses puck.
5:08 of 2nd period - Slapshot by Ben Lovejoy.
5:08 of 2nd period - Deflect By Brian Flynn.
5:08 of 2nd period - Shot Misses the Net.
5:08 of 2nd period - Puck is out of play.
5:09 of 2nd period - Jamie Arniel wins face-off versus Clarke MacArthur in Devils zone.
5:16 of 2nd period - Slapshot by Michael Del Zotto.
5:16 of 2nd period - Shot Misses the Net.
5:24 of 2nd period - Josh Gorges is hit by Clarke MacArthur and loses puck.
5:37 of 2nd period - Icing by Ladislav Smid.
5:38 of 2nd period - Stephen Weiss wins face-off versus Nazem Kadri in Lightning zone.
6:25 of 2nd period - Snap shot by Linus Omark.
6:25 of 2nd period - Shot Misses the Net.
6:27 of 2nd period - Slapshot by Jesper Fast.
6:27 of 2nd period - Stopped by Maxime Daigneault without a rebound.
6:28 of 2nd period - Jamie Arniel wins face-off versus Mark Scheifele in Devils zone.
7:16 of 2nd period - Marian Gaborik is hit by Clarke MacArthur and loses puck.
7:20 of 2nd period - Icing by Matt Donovan.
7:21 of 2nd period - Brian Flynn wins face-off versus Nick Bonino in Devils zone.
7:26 of 2nd period - Wrist shot by Jordin Tootoo.
7:26 of 2nd period - Shot Blocked by Mike Weber.
7:48 of 2nd period - Wrist shot by Brian Flynn.
7:48 of 2nd period - Stopped by Maxime Daigneault without a rebound.
7:49 of 2nd period - Jamie Arniel wins face-off versus Mark Scheifele in Devils zone.
7:49 of 2nd period - Jamie Arniel is hit by Jonathan Huberdeau.
8:57 of 2nd period - Marian Gaborik is hit by Justin Schultz.
9:04 of 2nd period - Icing by Jesper Fast.
9:05 of 2nd period - Jamie Arniel wins face-off versus Stephen Weiss in Lightning zone.
9:06 of 2nd period - Slapshot by Zach Parise.
9:06 of 2nd period - Stopped by Philipp Grubauer without a rebound.
9:07 of 2nd period - Jonathan Huberdeau wins face-off versus Jamie Arniel in Lightning zone.
9:24 of 2nd period - Snap shot by Tyler Johnson.
9:24 of 2nd period - Stopped by Maxime Daigneault without a rebound.
9:25 of 2nd period - Nazem Kadri wins face-off versus Jean-Gabriel Pageau in Devils zone.
9:36 of 2nd period - Backhand shot by Jean-Gabriel Pageau.
9:36 of 2nd period - Shot Blocked by Anton Stralman.
9:38 of 2nd period - Slapshot by Ben Lovejoy.
9:38 of 2nd period - Shot Misses the Net.
9:40 of 2nd period - Backhand shot by Jean-Gabriel Pageau.
9:40 of 2nd period - Stopped by Maxime Daigneault without a rebound.
9:41 of 2nd period - Mark Scheifele wins face-off versus Jamie Arniel in Devils zone.
9:42 of 2nd period - Slapshot by Jonathan Huberdeau.
9:42 of 2nd period - Shot Misses the Net.
9:50 of 2nd period - Slapshot by Kristopher Letang.
9:50 of 2nd period - Shot Blocked by Jon Merrill.
10:03 of 2nd period - Minor Penalty to Tyler Johnson for Roughing.
10:04 of 2nd period - Nazem Kadri wins face-off versus Mark Scheifele in Lightning zone.
10:13 of 2nd period - Wrist shot by Marian Gaborik.
10:13 of 2nd period - Shot Misses the Net.
10:15 of 2nd period - Slapshot by Anton Stralman.
10:15 of 2nd period - Goal by Anton Stralman - Devils : 4 - Lightning : 1.
10:15 of 2nd period - Jhonas Enroth enters game.
10:16 of 2nd period - Nazem Kadri wins face-off versus Jonathan Huberdeau in neutral zone.
10:54 of 2nd period - Snap shot by Jean-Gabriel Pageau.
10:54 of 2nd period - Shot Misses the Net.
11:12 of 2nd period - Icing by Stephen Weiss.
11:13 of 2nd period - Stephen Weiss wins face-off versus Nazem Kadri in Lightning zone.
11:26 of 2nd period - Wrist shot by Stephen Weiss.
11:26 of 2nd period - Stopped by Maxime Daigneault without a rebound.
11:27 of 2nd period - Mark Scheifele wins face-off versus Nazem Kadri in Devils zone.
11:32 of 2nd period - Snap shot by Tyler Johnson.
11:32 of 2nd period - Shot Misses the Net.
11:42 of 2nd period - Wrist shot by Tyler Ennis.
11:42 of 2nd period - Stopped by Jhonas Enroth without a rebound.
11:43 of 2nd period - Jean-Gabriel Pageau wins face-off versus Jamie Arniel in Lightning zone.
11:43 of 2nd period - Jean-Gabriel Pageau is hit by Thomas Hickey.
12:15 of 2nd period - Backhand shot by Tyler Johnson.
12:15 of 2nd period - Stopped by Maxime Daigneault without a rebound.
12:16 of 2nd period - Nazem Kadri wins face-off versus Mark Scheifele in Devils zone.
12:45 of 2nd period - Brad Richards is hit by Jean-Gabriel Pageau and loses puck.
13:27 of 2nd period - Kevin Marshall is hit by Michael Del Zotto and loses puck.
13:32 of 2nd period - Snap shot by Nick Bonino.
13:32 of 2nd period - Shot Misses the Net.
13:34 of 2nd period - Snap shot by Nick Bonino.
13:34 of 2nd period - Stopped by Jhonas Enroth without a rebound.
13:35 of 2nd period - Nazem Kadri wins face-off versus Mark Scheifele in Lightning zone.
14:31 of 2nd period - Slapshot by Jesper Fast.
14:31 of 2nd period - Goal by Jesper Fast - Devils : 4 - Lightning : 2.
14:32 of 2nd period - Nazem Kadri wins face-off versus Mark Scheifele in neutral zone.
14:46 of 2nd period - Wrist shot by Tyler Johnson.
14:46 of 2nd period - Shot Hit the Post.
14:49 of 2nd period - Icing by Marian Gaborik.
14:50 of 2nd period - Jean-Gabriel Pageau wins face-off versus Nazem Kadri in Devils zone.
16:13 of 2nd period - Wrist shot by Tyler Ennis.
16:13 of 2nd period - Stopped by Jhonas Enroth with a rebound.
16:15 of 2nd period - Wrist shot by Marian Gaborik.
16:15 of 2nd period - Goal by Marian Gaborik - Devils : 5 - Lightning : 2.
16:16 of 2nd period - Linus Omark wins face-off versus Jamie Arniel in neutral zone.
16:45 of 2nd period - Off-side.
16:46 of 2nd period - Brad Richards wins face-off versus Jean-Gabriel Pageau in neutral zone.
16:51 of 2nd period - Slapshot by Brad Richards.
16:51 of 2nd period - Stopped by Jhonas Enroth with a rebound.
16:57 of 2nd period - Wrist shot by Patrick Kaleta.
16:57 of 2nd period - Stopped by Jhonas Enroth without a rebound.
16:58 of 2nd period - Jamie Arniel wins face-off versus Stephen Weiss in Lightning zone.
17:01 of 2nd period - Wrist shot by Jamie Arniel.
17:01 of 2nd period - Shot Misses the Net.
17:03 of 2nd period - Snap shot by Zach Parise.
17:03 of 2nd period - Stopped by Jhonas Enroth with a rebound.
17:05 of 2nd period - Slapshot by Anton Stralman.
17:05 of 2nd period - Stopped by Jhonas Enroth with a rebound.
17:22 of 2nd period - Icing by Jon Merrill.
17:23 of 2nd period - Brad Richards wins face-off versus Jean-Gabriel Pageau in Lightning zone.
17:58 of 2nd period - Snap shot by Tyler Johnson.
17:58 of 2nd period - Shot Misses the Net.
18:10 of 2nd period - Ben Lovejoy is hit by Chris Stewart and loses puck.
18:29 of 2nd period - Slapshot by Michael Del Zotto.
18:29 of 2nd period - Stopped by Jhonas Enroth with a rebound.
18:31 of 2nd period - Snap shot by Brad Richards.
18:31 of 2nd period - Shot Misses the Net.
Goals for this period are 2 for Devils vs 1 for Lightning .
Shots for this period are 17 for Devils vs 11 for Lightning .

3rd period


0:01 of 3rd period - Nazem Kadri wins face-off versus Jean-Gabriel Pageau in neutral zone.
0:09 of 3rd period - Icing by Rasmus Ristolainen.
0:10 of 3rd period - Nazem Kadri wins face-off versus Jean-Gabriel Pageau in Lightning zone.
0:23 of 3rd period - Slapshot by Rasmus Ristolainen.
0:23 of 3rd period - Stopped by Maxime Daigneault with a rebound.
0:30 of 3rd period - Minor Penalty to Anton Stralman for Cross-checking.
0:31 of 3rd period - Marian Gaborik wins face-off versus Mark Scheifele in Devils zone.
0:43 of 3rd period - Wrist shot by Tyler Johnson.
0:43 of 3rd period - Stopped by Maxime Daigneault without a rebound.
0:44 of 3rd period - Mark Scheifele wins face-off versus Marian Gaborik in Devils zone.
0:53 of 3rd period - Slapshot by Mark Scheifele.
0:53 of 3rd period - Shot Blocked by Marian Gaborik.
0:55 of 3rd period - Snap shot by Tyler Johnson.
0:55 of 3rd period - Shot Misses the Net.
0:57 of 3rd period - Wrist shot by Henrik Zetterberg.
0:57 of 3rd period - Shot Misses the Net.
0:59 of 3rd period - Wrist shot by Jon Merrill.
0:59 of 3rd period - Deflect By Henrik Zetterberg.
0:59 of 3rd period - Shot Misses the Net.
0:59 of 3rd period - Puck is out of play.
1:00 of 3rd period - Mark Scheifele wins face-off versus Marian Gaborik in Devils zone.
1:15 of 3rd period - Slapshot by Rasmus Ristolainen.
1:15 of 3rd period - Shot Blocked by Matt Donovan.
1:36 of 3rd period - Slapshot by Ben Lovejoy.
1:36 of 3rd period - Stopped by Maxime Daigneault without a rebound.
1:37 of 3rd period - Marian Gaborik wins face-off versus Jean-Gabriel Pageau in Devils zone.
1:37 of 3rd period - Marian Gaborik is hit by Niclas Bergfors.
2:30 of 3rd period - Penalty to Anton Stralman is over, Anton Stralman is back on ice.
3:07 of 3rd period - Minor Penalty to Ladislav Smid for Hooking.
3:08 of 3rd period - Mark Scheifele wins face-off versus Nazem Kadri in Lightning zone.
3:21 of 3rd period - Slapshot by Nazem Kadri.
3:21 of 3rd period - Shot Blocked by Jon Merrill.
3:56 of 3rd period - Wrist shot by Henrik Zetterberg.
3:56 of 3rd period - Stopped by Maxime Daigneault without a rebound.
3:57 of 3rd period - Nazem Kadri wins face-off versus Jean-Gabriel Pageau in Devils zone.
4:18 of 3rd period - Jean-Gabriel Pageau is hit by Zach Parise and loses puck.
4:25 of 3rd period - Snap shot by Jamie Arniel.
4:25 of 3rd period - Shot Misses the Net.
4:27 of 3rd period - Snap shot by Jamie Arniel.
4:27 of 3rd period - Deflect By Chris Stewart.
4:27 of 3rd period - Shot Blocked by Kevin Marshall.
4:27 of 3rd period - Puck is out of play.
4:28 of 3rd period - Mark Scheifele wins face-off versus Tyler Ennis in Lightning zone.
4:45 of 3rd period - Snap shot by Justin Schultz.
4:45 of 3rd period - Shot Blocked by Michael Del Zotto.
4:55 of 3rd period - Justin Schultz is hit by Nazem Kadri and loses puck.
5:07 of 3rd period - Penalty to Ladislav Smid is over, Ladislav Smid is back on ice.
5:12 of 3rd period - Snap shot by Tyler Ennis.
5:12 of 3rd period - Stopped by Jhonas Enroth with a rebound.
5:14 of 3rd period - Slapshot by Michael Del Zotto.
5:14 of 3rd period - Shot Blocked by Mark Scheifele.
5:16 of 3rd period - Slapshot by Tyler Ennis.
5:16 of 3rd period - Goal by Tyler Ennis - Devils : 6 - Lightning : 2.
5:17 of 3rd period - Jamie Arniel wins face-off versus Stephen Weiss in neutral zone.
5:29 of 3rd period - Snap shot by Stephen Weiss.
5:29 of 3rd period - Stopped by Maxime Daigneault with a rebound.
5:31 of 3rd period - Slapshot by Stephen Weiss.
5:31 of 3rd period - Stopped by Maxime Daigneault without a rebound.
5:32 of 3rd period - Nazem Kadri wins face-off versus Jonathan Huberdeau in Devils zone.
5:59 of 3rd period - Anton Stralman is hit by Jesper Fast.
7:15 of 3rd period - Snap shot by Martin Samuelsson.
7:15 of 3rd period - Deflect By Linus Omark.
7:15 of 3rd period - Stopped by Jhonas Enroth without a rebound.
7:16 of 3rd period - Jamie Arniel wins face-off versus Mark Scheifele in Lightning zone.
7:19 of 3rd period - Snap shot by Jamie Arniel.
7:19 of 3rd period - Shot Misses the Net.
7:43 of 3rd period - Marian Gaborik is hit by Henrik Zetterberg and loses puck.
8:11 of 3rd period - Slapshot by Jon Merrill.
8:11 of 3rd period - Deflect By Matt Donovan.
8:11 of 3rd period - Stopped by Maxime Daigneault with a rebound.
8:40 of 3rd period - Nick Bonino is hit by Ladislav Smid.
8:44 of 3rd period - Mark Scheifele is hit by Brad Richardson and loses puck.
9:41 of 3rd period - Mark Scheifele is hit by Matt Donovan and loses puck.
10:08 of 3rd period - Snap shot by Stephen Weiss.
10:08 of 3rd period - Shot Misses the Net.
10:28 of 3rd period - Snap shot by Jean-Gabriel Pageau.
10:28 of 3rd period - Goal by Jean-Gabriel Pageau - Devils : 6 - Lightning : 3.
10:29 of 3rd period - Jamie Arniel wins face-off versus Mark Scheifele in neutral zone.
10:34 of 3rd period - Wrist shot by Jamie Arniel.
10:34 of 3rd period - Shot Blocked by Tyler Johnson.
10:56 of 3rd period - Anton Stralman is hit by Henrik Zetterberg.
11:08 of 3rd period - Slapshot by Rasmus Ristolainen.
11:08 of 3rd period - Stopped by Maxime Daigneault with a rebound.
11:49 of 3rd period - Icing by Brian Flynn.
11:50 of 3rd period - Nazem Kadri wins face-off versus Brian Flynn in Lightning zone.
11:53 of 3rd period - Snap shot by Marian Gaborik.
11:53 of 3rd period - Shot Misses the Net.
12:09 of 3rd period - Clarke MacArthur is hit by Tyler Ennis and loses puck.
12:33 of 3rd period - Minor Penalty to Clarke MacArthur for Interference.
12:34 of 3rd period - Mark Scheifele wins face-off versus Jamie Arniel in Lightning zone.
14:33 of 3rd period - Penalty to Clarke MacArthur is over, Clarke MacArthur is back on ice.
14:56 of 3rd period - Icing by Anton Stralman.
14:57 of 3rd period - Jean-Gabriel Pageau wins face-off versus Martin Samuelsson in Devils zone.
14:58 of 3rd period - Slapshot by Rasmus Ristolainen.
14:58 of 3rd period - Stopped by Maxime Daigneault with a rebound.
15:01 of 3rd period - Icing by Anton Stralman.
15:02 of 3rd period - Brad Richards wins face-off versus Jean-Gabriel Pageau in Devils zone.
15:11 of 3rd period - Wrist shot by Patrick Kaleta.
15:11 of 3rd period - Shot Blocked by Rasmus Ristolainen.
15:33 of 3rd period - Wrist shot by Brad Richards.
15:33 of 3rd period - Shot Blocked by Jon Merrill.
15:35 of 3rd period - Snap shot by Brad Richards.
15:35 of 3rd period - Shot Blocked by Jean-Gabriel Pageau.
15:37 of 3rd period - Wrist shot by Martin Samuelsson.
15:37 of 3rd period - Goal by Martin Samuelsson - Devils : 7 - Lightning : 3.
15:38 of 3rd period - Mark Scheifele wins face-off versus Nazem Kadri in neutral zone.
15:40 of 3rd period - Minor Penalty to Jonathan Huberdeau for Hooking.
15:41 of 3rd period - Mark Scheifele wins face-off versus Tyler Ennis in Lightning zone.
15:41 of 3rd period - Mark Scheifele is hit by Nazem Kadri.
15:54 of 3rd period - Off-side.
15:55 of 3rd period - Nazem Kadri wins face-off versus Mark Scheifele in neutral zone.
15:57 of 3rd period - Off-side.
15:58 of 3rd period - Nazem Kadri wins face-off versus Mark Scheifele in neutral zone.
16:10 of 3rd period - Off-side.
16:11 of 3rd period - Mark Scheifele wins face-off versus Nazem Kadri in neutral zone.
16:32 of 3rd period - Jon Merrill is hit by Tyler Ennis and loses puck.
17:40 of 3rd period - Penalty to Jonathan Huberdeau is over, Jonathan Huberdeau is back on ice.
17:44 of 3rd period - Snap shot by Jean-Gabriel Pageau.
17:44 of 3rd period - Stopped by Maxime Daigneault without a rebound.
17:45 of 3rd period - Brad Richards wins face-off versus Jesper Fast in Devils zone.
18:00 of 3rd period - Slapshot by Stephen Weiss.
18:00 of 3rd period - Stopped by Maxime Daigneault with a rebound.
18:44 of 3rd period - Zach Parise is hit by Mark Scheifele and loses puck.
18:59 of 3rd period - Ben Lovejoy is hit by Marian Gaborik and loses puck.
19:40 of 3rd period - Snap shot by Brad Richards.
19:40 of 3rd period - Shot Misses the Net.
Goals for this period are 2 for Devils vs 1 for Lightning .
Shots for this period are 4 for Devils vs 12 for Lightning .